Flyers vs Lightning

Created - November-02-14 at 10:43

Goals
1 2 3 T
Flyers 2 2 1 5
Lightning 0 2 1 3
Shots
1 2 3 T
Flyers 16 12 11 39
Lightning 12 13 10 35

1st period

1. Flyers , Mike Santorelli 5 (Tom Gilbert, Joel Ward) at 13:39
2. Flyers , Kyle Okposo 8 (Mike Santorelli, Marek Zidlicky) at 18:05

Penalties :
Gabriel Bourque (PHI) for Cross-checking (Minor) at 13:46, Brent Seabrook (TBL) for Holding (Minor) at 17:57, Olli Jokinen (PHI) for Hooking (Minor) at 17:57

2nd period

3. Flyers , Kyle Okposo 9 (Dan Boyle, Ryan Ellis) at 0:36
4. Lightning , Jason Chimera 4 (Cam Atkinson, Luca Sbisa) at 6:02
5. Lightning , Jason Chimera 5 (Brad Richards) at 9:22 (PP)
6. Flyers , Kyle Okposo 10 (Daniel Sedin) at 12:24

Penalties :
Jay McClement (PHI) for Hooking (Minor) at 7:31, Curtis Glencross (TBL) for Hooking (Minor) at 19:03

3rd period

7. Flyers , Tom Gilbert 3 (Dan Boyle, Joel Ward) at 0:36 (PP)
8. Lightning , Patrick Kane 6 (Andrej Meszaros, Erik Gudbranson) at 16:45 (PP)

Penalties :
Jason Chimera (TBL) for Roughing (Minor) at 1:31, Brent Seabrook (TBL) for Hooking (Minor) at 4:40, Kyle Brodziak (PHI) for Roughing (Minor) at 12:28, Mark Stuart (PHI) for Hooking (Minor) at 14:46

Goalie Stats

Craig Anderson (PHI), 32 saves from 35 shots - (0.914), W, 5-2-0, 60:00 minutes
Alex Stalock (TBL), 34 saves from 39 shots - (0.872), L, 2-1-0, 60:00 minutes

Players Stats for Flyers

Player Name              G  A  P  +/- PIM S  H  SB GA TA FO     MP     PP MP  PK MP  
------------------------------------------------------------------------------------
Damien Brunner           0  0  0   0  0   0  0  0  0  0  4/9     7:39   0:00   1:04 
Dan Boyle                0  2  2   1  0   3  1  0  0  0  0/0    22:22   2:35   3:37 
Daniel Sedin             0  1  1   2  0   7  0  0  0  0  0/2    19:48   2:17   0:00 
Dany Heatley             0  0  0  -1  0   0  0  0  0  0  1/1    11:39   2:17   0:00 
Gabriel Bourque          0  0  0  -1  2   2  1  0  0  0  0/1     9:29   0:00   0:08 
Jack Skille              0  0  0   0  0   0  0  0  0  0  0/0     5:55   0:00   0:00 
Jay McClement            0  0  0   1  2   4  1  0  0  0  9/25   18:44   2:17   4:01 
Joel Ward                0  2  2   1  0   3  1  0  0  0  1/4    21:33   3:14   5:52 
Kyle Brodziak            0  0  0  -1  2   1  0  0  0  0  9/18    9:41   0:00   0:00 
Kyle Okposo              3  0  3   3  0   4  0  1  0  0  4/6    24:14   3:14   2:43 
Marek Zidlicky           0  1  1   3  0   1  1  0  0  0  0/0    23:20   2:56   4:11 
Mark Stuart              0  0  0  -1  2   1  7  0  0  0  0/0    14:25   0:00   0:08 
Mike Santorelli          1  1  2   2  0   6  0  0  0  0  3/3    13:33   0:00   0:00 
Nathan Gerbe             0  0  0   0  0   0  0  0  0  0  0/0     5:55   0:00   0:00 
Olli Jokinen             0  0  0   2  2   2  5  1  0  0  19/29  21:59   3:14   1:48 
Philip Larsen            0  0  0  -1  0   1  0  1  0  0  0/0    14:18   0:00   0:00 
Ryan Ellis               0  1  1   1  0   1  1  2  0  0  0/0    24:09   2:56   4:03 
Tom Gilbert              1  1  2   3  0   3  0  2  0  0  0/0    21:25   2:35   3:37 

Players Stats for Lightning

Player Name              G  A  P  +/- PIM S  H  SB GA TA FO     MP     PP MP  PK MP  
------------------------------------------------------------------------------------
Andrej Meszaros          0  1  1  -3  0   1  0  0  0  0  0/0    19:07   2:44   2:34 
Andrej Sekera            0  0  0  -2  0   1  0  2  0  0  0/0    27:15   5:04   2:57 
Brad Richards            0  1  1   0  0   2  0  0  0  0  14/30  18:55   3:30   1:22 
Brent Seabrook           0  0  0  -1  4   6  0  0  0  0  0/0    24:38   5:04   1:54 
Cam Atkinson             0  1  1   0  0   0  0  1  0  0  0/1    19:01   3:30   1:55 
Curtis Glencross         0  0  0  -3  2   1  5  0  0  0  1/3    24:53   4:18   2:20 
David Schlemko           0  0  0   1  0   1  1  2  0  0  0/0    11:01   0:00   0:37 
Eric Fehr                0  0  0   0  0   1  1  0  0  0  0/1     4:17   0:00   0:00 
Erik Gudbranson          0  1  1  -2  0   4  5  0  0  0  0/0    21:54   2:44   2:34 
Henrik Sedin             0  0  0  -3  0   0  0  2  0  0  24/41  26:37   4:18   4:03 
Jason Chimera            2  0  2   0  2   5  5  0  0  0  0/2    17:05   3:30   0:00 
Luca Sbisa               0  1  1   1  0   1  2  1  0  0  0/0    10:51   0:00   0:00 
Maxim Lapierre           0  0  0   0  0   0  1  0  0  0  1/2     4:17   0:00   0:00 
Maxime Talbot            0  0  0   0  0   3  1  0  0  0  0/0    14:22   0:00   0:00 
Patrick Kane             1  0  1  -2  0   5  1  0  0  0  0/2    22:51   4:18   1:22 
Scott Hannan             0  0  0   0  0   0  0  0  0  0  0/0     5:12   0:00   0:26 
Teddy Purcell            0  0  0   0  0   2  0  0  0  0  0/1    10:05   0:00   0:00 
Tomas Plekanec           0  0  0   0  0   2  0  0  0  0  8/15   10:05   0:00   0:00 

3 Stars

1 - Kyle Okposo (PHI)
2 - Tom Gilbert (PHI)
3 - Jason Chimera (TBL)

Power Play

Flyers - 1 on 3 Attempt(s) - 33.33%
Lightning - 2 on 4 Attempt(s) - 50.00%

Penalty Kill

Flyers - 2 on 4 Attempt(s) - 50.00% - Score 0 goal in Penalty Kill
Lightning - 2 on 3 Attempt(s) - 66.67% - Score 0 goal in Penalty Kill

Official

Referees : Eric Furlatt and Wes McCauley
Linesman : Darren Gibbs and Pierre Champoux

Game Notes

Kyle Okposo has scored a Hat Trick!

Finance

Level 1 -- Attendance: 5428 (83.51%) -- Ticket Income $597,080
Level 2 -- Attendance: 3274 (65.48%) -- Ticket Income $311,030
Level 3 -- Attendance: 1977 (56.49%) -- Ticket Income $148,275
Level 4 -- Attendance: 2256 (60.03%) -- Ticket Income $101,520
Luxury Box -- Attendance: 472 (47.20%) -- Ticket Income $169,920
Game was played at the Tampa Bay Times Forum
Total Attendance: 13407 (67.86%)
Total Ticket Income: $1,327,825
Other Income: $199,174
Total Income: $1,526,999

% Time on Ice - Flyers

Lines # - Real PCT - Wanted PCT - Time Play
Normal Forward
1 - 38% - 40% - 16:58
2 - 28% - 30% - 12:27
3 - 21% - 20% - 9:22
4 - 13% - 10% - 5:55
Normal Defense
1 - 35% - 40% - 15:30
2 - 31% - 35% - 13:54
3 - 32% - 20% - 14:18
4 - 2% - 5% - 1:00
PP Forward
1 - 59% - 60% - 3:14
2 - 41% - 40% - 2:17
PP Defense
1 - 53% - 50% - 2:56
2 - 47% - 50% - 2:35
PK Forward
1 - 77% - 60% - 6:00
2 - 23% - 40% - 1:48
PK Defense
1 - 54% - 60% - 4:11
2 - 46% - 40% - 3:37
PK3 Forward
1 - 0% - 60%
2 - 0% - 40%
PK3 Defense
1 - 0% - 60%
2 - 0% - 40%
44 Forward
1 - 87% - 60% - 1:44
2 - 13% - 40% - 0:15
44 Defense
1 - 66% - 60% - 1:19
2 - 34% - 40% - 0:40
Last Minute Offensive  - 0:00
Last Minute Defensive  - 0:00
Total
Forward - 60:00
Defense - 60:00

% Time on Ice - Lightning

Lines # - Real PCT - Wanted PCT - Time Play
Normal Forward
1 - 37% - 40% - 16:44
2 - 30% - 30% - 13:36
3 - 23% - 20% - 10:05
4 - 10% - 10% - 4:17
Normal Defense
1 - 40% - 40% - 17:42
2 - 27% - 30% - 12:17
3 - 23% - 20% - 10:24
4 - 10% - 10% - 4:19
PP Forward
1 - 55% - 60% - 4:18
2 - 45% - 40% - 3:30
PP Defense
1 - 65% - 60% - 5:04
2 - 35% - 40% - 2:44
PK Forward
1 - 75% - 60% - 4:09
2 - 25% - 40% - 1:22
PK Defense
1 - 53% - 60% - 2:57
2 - 47% - 40% - 2:34
PK3 Forward
1 - 0% - 60%
2 - 0% - 40%
PK3 Defense
1 - 0% - 60%
2 - 0% - 40%
44 Forward
1 - 77% - 60% - 1:32
2 - 23% - 40% - 0:27
44 Defense
1 - 100% - 60% - 1:59
2 - 0% - 40% - 0:00
Last Minute Offensive  - 0:00
Last Minute Defensive  - 0:00
Total
Forward - 60:00
Defense - 60:00

Play by Play

1st period


0:01 of 1st period - Henrik Sedin wins face-off versus Olli Jokinen in neutral zone.
0:07 of 1st period - Icing by Ryan Ellis.
0:08 of 1st period - Kyle Okposo wins face-off versus Cam Atkinson in Flyers zone.
0:16 of 1st period - Icing by Brad Richards.
0:17 of 1st period - Mike Santorelli wins face-off versus Brad Richards in Lightning zone.
0:22 of 1st period - Shot by Joel Ward.
0:22 of 1st period - Stopped by Alex Stalock without a rebound.
0:23 of 1st period - Kyle Brodziak wins face-off versus Tomas Plekanec in Lightning zone.
0:44 of 1st period - Shot by Gabriel Bourque.
0:44 of 1st period - Shot Misses the Net.
1:36 of 1st period - Shot by Mike Santorelli.
1:36 of 1st period - Shot Misses the Net.
2:28 of 1st period - Shot by Cam Atkinson.
2:28 of 1st period - Deflect By Brad Richards.
2:28 of 1st period - Shot Misses the Net.
2:30 of 1st period - Shot by Jason Chimera.
2:30 of 1st period - Stopped by Craig Anderson without a rebound.
2:31 of 1st period - Damien Brunner wins face-off versus Brad Richards in Flyers zone.
3:53 of 1st period - Shot by Olli Jokinen.
3:53 of 1st period - Stopped by Alex Stalock without a rebound.
3:54 of 1st period - Tomas Plekanec wins face-off versus Jay McClement in Lightning zone.
4:06 of 1st period - Shot by Teddy Purcell.
4:06 of 1st period - Stopped by Craig Anderson without a rebound.
4:07 of 1st period - Kyle Brodziak wins face-off versus Patrick Kane in Flyers zone.
4:07 of 1st period - Kyle Brodziak is hit by Curtis Glencross.
4:15 of 1st period - Shot by Kyle Brodziak.
4:15 of 1st period - Stopped by Alex Stalock without a rebound.
4:16 of 1st period - Olli Jokinen wins face-off versus Patrick Kane in Lightning zone.
4:27 of 1st period - Shot by Daniel Sedin.
4:27 of 1st period - Shot Misses the Net.
4:29 of 1st period - Shot by Daniel Sedin.
4:29 of 1st period - Stopped by Alex Stalock with a rebound.
4:37 of 1st period - Shot by Olli Jokinen.
4:37 of 1st period - Stopped by Alex Stalock with a rebound.
4:39 of 1st period - Shot by Kyle Okposo.
4:39 of 1st period - Stopped by Alex Stalock with a rebound.
5:41 of 1st period - Shot by Eric Fehr.
5:41 of 1st period - Stopped by Craig Anderson without a rebound.
5:42 of 1st period - Brad Richards wins face-off versus Kyle Brodziak in Flyers zone.
5:43 of 1st period - Shot by David Schlemko.
5:43 of 1st period - Stopped by Craig Anderson without a rebound.
5:44 of 1st period - Brad Richards wins face-off versus Jay McClement in Flyers zone.
6:11 of 1st period - Shot by Dan Boyle.
6:11 of 1st period - Shot Blocked by Cam Atkinson.
6:13 of 1st period - Shot by Joel Ward.
6:13 of 1st period - Shot Blocked by David Schlemko.
6:19 of 1st period - Shot by Dan Boyle.
6:19 of 1st period - Shot Misses the Net.
6:25 of 1st period - Shot by Mike Santorelli.
6:25 of 1st period - Shot Blocked by David Schlemko.
6:27 of 1st period - Shot by Jay McClement.
6:27 of 1st period - Stopped by Alex Stalock without a rebound.
6:28 of 1st period - Kyle Brodziak wins face-off versus Tomas Plekanec in Lightning zone.
6:50 of 1st period - Maxime Talbot is hit by Mark Stuart and loses puck.
7:08 of 1st period - Tomas Plekanec is hit by Mark Stuart and loses puck.
7:18 of 1st period - Icing by Mark Stuart.
7:19 of 1st period - Kyle Brodziak wins face-off versus Henrik Sedin in Flyers zone.
7:19 of 1st period - Dany Heatley is hit by Curtis Glencross and loses puck.
7:32 of 1st period - Shot by Henrik Sedin.
7:32 of 1st period - Deflect By Patrick Kane.
7:32 of 1st period - Stopped by Craig Anderson without a rebound.
7:33 of 1st period - Olli Jokinen wins face-off versus Brad Richards in Flyers zone.
7:33 of 1st period - Olli Jokinen is hit by Jason Chimera.
7:44 of 1st period - Luca Sbisa is hit by Olli Jokinen and loses puck.
7:58 of 1st period - Shot by Brad Richards.
7:58 of 1st period - Stopped by Craig Anderson with a rebound.
8:00 of 1st period - Shot by Brad Richards.
8:00 of 1st period - Shot Misses the Net.
8:02 of 1st period - Shot by Jason Chimera.
8:02 of 1st period - Stopped by Craig Anderson without a rebound.
8:03 of 1st period - Henrik Sedin wins face-off versus Jay McClement in Flyers zone.
8:32 of 1st period - Shot by Mike Santorelli.
8:32 of 1st period - Stopped by Alex Stalock with a rebound.
8:40 of 1st period - Shot by Joel Ward.
8:40 of 1st period - Deflect By Jay McClement.
8:40 of 1st period - Stopped by Alex Stalock without a rebound.
8:41 of 1st period - Maxim Lapierre wins face-off versus Olli Jokinen in Lightning zone.
8:50 of 1st period - Dan Boyle is hit by Eric Fehr.
8:58 of 1st period - Shot by Maxime Talbot.
8:58 of 1st period - Stopped by Craig Anderson with a rebound.
9:30 of 1st period - Ryan Ellis is hit by Maxim Lapierre.
10:15 of 1st period - Icing by Marek Zidlicky.
10:16 of 1st period - Henrik Sedin wins face-off versus Damien Brunner in Flyers zone.
10:19 of 1st period - Shot by Brent Seabrook.
10:19 of 1st period - Shot Blocked by Tom Gilbert.
10:21 of 1st period - Shot by Brent Seabrook.
10:21 of 1st period - Stopped by Craig Anderson without a rebound.
10:22 of 1st period - Henrik Sedin wins face-off versus Jay McClement in Flyers zone.
10:59 of 1st period - Icing by Andrej Sekera.
11:00 of 1st period - Henrik Sedin wins face-off versus Olli Jokinen in Lightning zone.
11:15 of 1st period - Patrick Kane is hit by Olli Jokinen and loses puck.
11:33 of 1st period - Off-side.
11:34 of 1st period - Brad Richards wins face-off versus Kyle Brodziak in neutral zone.
11:38 of 1st period - Cam Atkinson is hit by Mark Stuart and loses puck.
11:48 of 1st period - Gabriel Bourque is hit by Luca Sbisa and loses puck.
11:51 of 1st period - Shot by Mark Stuart.
11:51 of 1st period - Shot Hit the Post.
11:53 of 1st period - Shot by Philip Larsen.
11:53 of 1st period - Stopped by Alex Stalock without a rebound.
11:54 of 1st period - Jay McClement wins face-off versus Tomas Plekanec in Lightning zone.
11:54 of 1st period - Tom Gilbert is hit by Erik Gudbranson and loses puck.
11:57 of 1st period - Shot by Jay McClement.
11:57 of 1st period - Stopped by Alex Stalock without a rebound.
11:58 of 1st period - Olli Jokinen wins face-off versus Tomas Plekanec in Lightning zone.
12:13 of 1st period - Shot by Daniel Sedin.
12:13 of 1st period - Stopped by Alex Stalock without a rebound.
12:14 of 1st period - Jay McClement wins face-off versus Brad Richards in Lightning zone.
12:32 of 1st period - Off-side.
12:33 of 1st period - Henrik Sedin wins face-off versus Olli Jokinen in neutral zone.
12:43 of 1st period - Patrick Kane is hit by Dan Boyle and loses puck.
13:12 of 1st period - Shot by Patrick Kane.
13:12 of 1st period - Shot Misses the Net.
13:39 of 1st period - Shot by Mike Santorelli.
13:39 of 1st period - Goal by Mike Santorelli - Flyers : 1 - Lightning : 0.
13:40 of 1st period - Tomas Plekanec wins face-off versus Kyle Brodziak in neutral zone.
13:46 of 1st period - Minor Penalty to Gabriel Bourque for Cross-checking.
13:47 of 1st period - Joel Ward wins face-off versus Brad Richards in Flyers zone.
14:12 of 1st period - Shot by Brent Seabrook.
14:12 of 1st period - Stopped by Craig Anderson without a rebound.
14:13 of 1st period - Jay McClement wins face-off versus Jason Chimera in Flyers zone.
15:06 of 1st period - Icing by Brent Seabrook.
15:07 of 1st period - Jay McClement wins face-off versus Brad Richards in Lightning zone.
16:04 of 1st period - Icing by Philip Larsen.
16:05 of 1st period - Kyle Brodziak wins face-off versus Maxim Lapierre in Flyers zone.
16:26 of 1st period - Shot by Maxime Talbot.
16:26 of 1st period - Stopped by Craig Anderson with a rebound.
16:28 of 1st period - Shot by Erik Gudbranson.
16:28 of 1st period - Stopped by Craig Anderson with a rebound.
17:57 of 1st period - Minor Penalty to Brent Seabrook for Holding.
17:57 of 1st period - Minor Penalty to Olli Jokinen for Hooking.
17:58 of 1st period - Mike Santorelli wins face-off versus Henrik Sedin in Lightning zone.
18:01 of 1st period - Shot by Marek Zidlicky.
18:01 of 1st period - Shot Misses the Net.
18:03 of 1st period - Shot by Mike Santorelli.
18:03 of 1st period - Shot Misses the Net.
18:05 of 1st period - Shot by Kyle Okposo.
18:05 of 1st period - Goal by Kyle Okposo - Flyers : 2 - Lightning : 0.
18:06 of 1st period - Mike Santorelli wins face-off versus Henrik Sedin in neutral zone.
18:36 of 1st period - Shot by Kyle Okposo.
18:36 of 1st period - Shot Misses the Net.
19:29 of 1st period - Shot by Dan Boyle.
19:29 of 1st period - Stopped by Alex Stalock without a rebound.
19:30 of 1st period - Brad Richards wins face-off versus Kyle Brodziak in Lightning zone.
19:49 of 1st period - Shot by Marek Zidlicky.
19:49 of 1st period - Stopped by Alex Stalock without a rebound.
19:50 of 1st period - Brad Richards wins face-off versus Damien Brunner in Lightning zone.
19:55 of 1st period - Mike Santorelli is hit by Patrick Kane and loses puck.
Goals for this period are 2 for Flyers vs 0 for Lightning.
Shots for this period are 16 for Flyers vs 12 for Lightning.

2nd period


0:01 of 2nd period - Brad Richards wins face-off versus Olli Jokinen in neutral zone.
0:36 of 2nd period - Shot by Kyle Okposo.
0:36 of 2nd period - Goal by Kyle Okposo - Flyers : 3 - Lightning : 0.
0:37 of 2nd period - Henrik Sedin wins face-off versus Jay McClement in neutral zone.
1:51 of 2nd period - Shot by Tomas Plekanec.
1:51 of 2nd period - Stopped by Craig Anderson with a rebound.
1:53 of 2nd period - Shot by Andrej Sekera.
1:53 of 2nd period - Stopped by Craig Anderson without a rebound.
1:54 of 2nd period - Olli Jokinen wins face-off versus Brad Richards in Flyers zone.
2:15 of 2nd period - Shot by Cam Atkinson.
2:15 of 2nd period - Shot Misses the Net.
2:23 of 2nd period - Shot by Brad Richards.
2:23 of 2nd period - Shot Blocked by Olli Jokinen.
2:25 of 2nd period - Shot by Luca Sbisa.
2:25 of 2nd period - Shot Misses the Net.
3:02 of 2nd period - Mike Santorelli is hit by Maxime Talbot and loses puck.
3:15 of 2nd period - Shot by Mike Santorelli.
3:15 of 2nd period - Stopped by Alex Stalock without a rebound.
3:16 of 2nd period - Damien Brunner wins face-off versus Henrik Sedin in Lightning zone.
5:12 of 2nd period - Mike Santorelli is hit by Jason Chimera and loses puck.
5:21 of 2nd period - Shot by Brad Richards.
5:21 of 2nd period - Deflect By Cam Atkinson.
5:21 of 2nd period - Shot Blocked by Tom Gilbert.
5:23 of 2nd period - Shot by Luca Sbisa.
5:23 of 2nd period - Stopped by Craig Anderson without a rebound.
5:24 of 2nd period - Olli Jokinen wins face-off versus Henrik Sedin in Flyers zone.
5:26 of 2nd period - Dan Boyle is hit by Curtis Glencross.
5:50 of 2nd period - Shot by Daniel Sedin.
5:50 of 2nd period - Stopped by Alex Stalock without a rebound.
5:51 of 2nd period - Brad Richards wins face-off versus Kyle Brodziak in Lightning zone.
6:00 of 2nd period - Shot by Cam Atkinson.
6:00 of 2nd period - Shot Misses the Net.
6:02 of 2nd period - Shot by Jason Chimera.
6:02 of 2nd period - Goal by Jason Chimera - Flyers : 3 - Lightning : 1.
6:03 of 2nd period - Henrik Sedin wins face-off versus Daniel Sedin in neutral zone.
6:03 of 2nd period - Henrik Sedin is hit by Olli Jokinen.
6:10 of 2nd period - Shot by Patrick Kane.
6:10 of 2nd period - Shot Hit the Post.
6:16 of 2nd period - Shot by Patrick Kane.
6:16 of 2nd period - Shot Misses the Net.
6:58 of 2nd period - Icing by Daniel Sedin.
6:59 of 2nd period - Olli Jokinen wins face-off versus Brad Richards in Flyers zone.
6:59 of 2nd period - Olli Jokinen is hit by Jason Chimera.
7:22 of 2nd period - Marek Zidlicky is hit by Erik Gudbranson.
7:29 of 2nd period - Joel Ward is hit by Erik Gudbranson and loses puck.
7:31 of 2nd period - Minor Penalty to Jay McClement for Hooking.
7:32 of 2nd period - Henrik Sedin wins face-off versus Damien Brunner in Flyers zone.
7:32 of 2nd period - Patrick Kane is hit by Mark Stuart and loses puck.
7:39 of 2nd period - Shot by Brent Seabrook.
7:39 of 2nd period - Stopped by Craig Anderson without a rebound.
7:40 of 2nd period - Damien Brunner wins face-off versus Henrik Sedin in Flyers zone.
8:13 of 2nd period - Shot by Joel Ward.
8:13 of 2nd period - Stopped by Alex Stalock without a rebound.
8:14 of 2nd period - Brad Richards wins face-off versus Kyle Okposo in Lightning zone.
8:14 of 2nd period - Brad Richards is hit by Joel Ward.
8:24 of 2nd period - Shot by Brad Richards.
8:24 of 2nd period - Shot Misses the Net.
8:52 of 2nd period - Shot by Andrej Meszaros.
8:52 of 2nd period - Stopped by Craig Anderson without a rebound.
8:53 of 2nd period - Henrik Sedin wins face-off versus Gabriel Bourque in Flyers zone.
8:56 of 2nd period - Shot by Brent Seabrook.
8:56 of 2nd period - Stopped by Craig Anderson with a rebound.
8:58 of 2nd period - Shot by Brent Seabrook.
8:58 of 2nd period - Stopped by Craig Anderson without a rebound.
8:59 of 2nd period - Henrik Sedin wins face-off versus Joel Ward in Flyers zone.
9:00 of 2nd period - Shot by Brent Seabrook.
9:00 of 2nd period - Shot Misses the Net.
9:20 of 2nd period - Shot by Patrick Kane.
9:20 of 2nd period - Stopped by Craig Anderson without a rebound.
9:21 of 2nd period - Brad Richards wins face-off versus Kyle Okposo in Flyers zone.
9:22 of 2nd period - Shot by Jason Chimera.
9:22 of 2nd period - Goal by Jason Chimera - Flyers : 3 - Lightning : 2.
9:23 of 2nd period - Kyle Okposo wins face-off versus Brad Richards in neutral zone.
10:06 of 2nd period - Andrej Sekera is hit by Olli Jokinen and loses puck.
10:16 of 2nd period - Brent Seabrook is hit by Marek Zidlicky and loses puck.
10:42 of 2nd period - Ryan Ellis is hit by Curtis Glencross and loses puck.
10:55 of 2nd period - Shot by Erik Gudbranson.
10:55 of 2nd period - Stopped by Craig Anderson without a rebound.
10:56 of 2nd period - Tomas Plekanec wins face-off versus Jay McClement in Flyers zone.
11:10 of 2nd period - Teddy Purcell is hit by Mark Stuart and loses puck.
11:24 of 2nd period - Icing by Luca Sbisa.
11:25 of 2nd period - Kyle Brodziak wins face-off versus Tomas Plekanec in Lightning zone.
11:58 of 2nd period - Icing by Luca Sbisa.
11:59 of 2nd period - Olli Jokinen wins face-off versus Tomas Plekanec in Lightning zone.
12:00 of 2nd period - Shot by Daniel Sedin.
12:00 of 2nd period - Shot Blocked by Luca Sbisa.
12:24 of 2nd period - Shot by Kyle Okposo.
12:24 of 2nd period - Goal by Kyle Okposo - Flyers : 4 - Lightning : 2.
12:25 of 2nd period - Brad Richards wins face-off versus Jay McClement in neutral zone.
12:44 of 2nd period - Shot by Brad Richards.
12:44 of 2nd period - Shot Misses the Net.
12:46 of 2nd period - Shot by Cam Atkinson.
12:46 of 2nd period - Deflect By Brad Richards.
12:46 of 2nd period - Shot Misses the Net.
13:07 of 2nd period - Shot by Jason Chimera.
13:07 of 2nd period - Shot Misses the Net.
13:09 of 2nd period - Shot by Brent Seabrook.
13:09 of 2nd period - Stopped by Craig Anderson without a rebound.
13:10 of 2nd period - Henrik Sedin wins face-off versus Daniel Sedin in Flyers zone.
13:21 of 2nd period - Shot by Curtis Glencross.
13:21 of 2nd period - Shot Blocked by Kyle Okposo.
13:29 of 2nd period - Shot by Daniel Sedin.
13:29 of 2nd period - Stopped by Alex Stalock without a rebound.
13:30 of 2nd period - Tomas Plekanec wins face-off versus Kyle Brodziak in Lightning zone.
13:34 of 2nd period - Off-side.
13:35 of 2nd period - Curtis Glencross wins face-off versus Olli Jokinen in neutral zone.
13:52 of 2nd period - Shot by Patrick Kane.
13:52 of 2nd period - Shot Misses the Net.
14:19 of 2nd period - Icing by Marek Zidlicky.
14:20 of 2nd period - Olli Jokinen wins face-off versus Brad Richards in Flyers zone.
15:17 of 2nd period - Shot by Joel Ward.
15:17 of 2nd period - Stopped by Alex Stalock with a rebound.
15:45 of 2nd period - Shot by Tomas Plekanec.
15:45 of 2nd period - Stopped by Craig Anderson without a rebound.
15:46 of 2nd period - Henrik Sedin wins face-off versus Kyle Brodziak in Flyers zone.
15:50 of 2nd period - Icing by Gabriel Bourque.
15:51 of 2nd period - Kyle Brodziak wins face-off versus Henrik Sedin in Flyers zone.
16:00 of 2nd period - Shot by Patrick Kane.
16:00 of 2nd period - Deflect By Curtis Glencross.
16:00 of 2nd period - Shot Misses the Net.
16:07 of 2nd period - Philip Larsen is hit by Curtis Glencross.
16:20 of 2nd period - Gabriel Bourque is hit by Erik Gudbranson and loses puck.
16:23 of 2nd period - Shot by Kyle Brodziak.
16:23 of 2nd period - Shot Misses the Net.
16:25 of 2nd period - Shot by Mark Stuart.
16:25 of 2nd period - Stopped by Alex Stalock without a rebound.
16:26 of 2nd period - Olli Jokinen wins face-off versus Brad Richards in Lightning zone.
16:39 of 2nd period - Shot by Daniel Sedin.
16:39 of 2nd period - Stopped by Alex Stalock with a rebound.
16:51 of 2nd period - Shot by Daniel Sedin.
16:51 of 2nd period - Shot Blocked by Andrej Sekera.
16:53 of 2nd period - Shot by Daniel Sedin.
16:53 of 2nd period - Stopped by Alex Stalock without a rebound.
16:54 of 2nd period - Tomas Plekanec wins face-off versus Jay McClement in Lightning zone.
17:18 of 2nd period - Mike Santorelli is hit by David Schlemko and loses puck.
17:23 of 2nd period - Shot by Mike Santorelli.
17:23 of 2nd period - Stopped by Alex Stalock without a rebound.
17:24 of 2nd period - Henrik Sedin wins face-off versus Olli Jokinen in Lightning zone.
17:28 of 2nd period - Off-side.
17:29 of 2nd period - Olli Jokinen wins face-off versus Curtis Glencross in neutral zone.
17:59 of 2nd period - Icing by Olli Jokinen.
18:00 of 2nd period - Olli Jokinen wins face-off versus Brad Richards in Flyers zone.
18:34 of 2nd period - Off-side.
18:35 of 2nd period - Jay McClement wins face-off versus Henrik Sedin in neutral zone.
19:03 of 2nd period - Minor Penalty to Curtis Glencross for Hooking.
19:04 of 2nd period - Dany Heatley wins face-off versus Henrik Sedin in Lightning zone.
19:17 of 2nd period - Shot by Jay McClement.
19:17 of 2nd period - Stopped by Alex Stalock without a rebound.
19:18 of 2nd period - Henrik Sedin wins face-off versus Olli Jokinen in Lightning zone.
19:41 of 2nd period - Shot by Marek Zidlicky.
19:41 of 2nd period - Shot Blocked by Henrik Sedin.
19:43 of 2nd period - Shot by Kyle Okposo.
19:43 of 2nd period - Deflect By Olli Jokinen.
19:43 of 2nd period - Shot Misses the Net.
19:45 of 2nd period - Shot by Ryan Ellis.
19:45 of 2nd period - Shot Misses the Net.
Goals for this period are 2 for Flyers vs 2 for Lightning.
Shots for this period are 12 for Flyers vs 13 for Lightning.

3rd period


0:01 of 3rd period - Olli Jokinen wins face-off versus Henrik Sedin in neutral zone.
0:04 of 3rd period - Shot by Dan Boyle.
0:04 of 3rd period - Stopped by Alex Stalock without a rebound.
0:05 of 3rd period - Olli Jokinen wins face-off versus Henrik Sedin in Lightning zone.
0:06 of 3rd period - Shot by Kyle Okposo.
0:06 of 3rd period - Shot Blocked by Andrej Sekera.
0:08 of 3rd period - Shot by Dan Boyle.
0:08 of 3rd period - Shot Misses the Net.
0:10 of 3rd period - Shot by Joel Ward.
0:10 of 3rd period - Shot Blocked by Henrik Sedin.
0:12 of 3rd period - Shot by Tom Gilbert.
0:12 of 3rd period - Stopped by Alex Stalock without a rebound.
0:13 of 3rd period - Olli Jokinen wins face-off versus Henrik Sedin in Lightning zone.
0:22 of 3rd period - Shot by Dan Boyle.
0:22 of 3rd period - Shot Misses the Net.
0:24 of 3rd period - Shot by Tom Gilbert.
0:24 of 3rd period - Shot Misses the Net.
0:26 of 3rd period - Shot by Kyle Okposo.
0:26 of 3rd period - Deflect By Olli Jokinen.
0:26 of 3rd period - Shot Misses the Net.
0:28 of 3rd period - Shot by Tom Gilbert.
0:28 of 3rd period - Stopped by Alex Stalock with a rebound.
0:30 of 3rd period - Shot by Dan Boyle.
0:30 of 3rd period - Shot Misses the Net.
0:34 of 3rd period - Shot by Dan Boyle.
0:34 of 3rd period - Stopped by Alex Stalock with a rebound.
0:36 of 3rd period - Shot by Tom Gilbert.
0:36 of 3rd period - Goal by Tom Gilbert - Flyers : 5 - Lightning : 2.
0:37 of 3rd period - Tomas Plekanec wins face-off versus Kyle Brodziak in neutral zone.
1:02 of 3rd period - Shot by Maxime Talbot.
1:02 of 3rd period - Deflect By Teddy Purcell.
1:02 of 3rd period - Stopped by Craig Anderson without a rebound.
1:03 of 3rd period - Olli Jokinen wins face-off versus Henrik Sedin in Flyers zone.
1:29 of 3rd period - Off-side.
1:30 of 3rd period - Jay McClement wins face-off versus Brad Richards in neutral zone.
1:30 of 3rd period - Jay McClement is hit by Jason Chimera.
1:31 of 3rd period - Minor Penalty to Jason Chimera for Roughing.
1:32 of 3rd period - Henrik Sedin wins face-off versus Jay McClement in Lightning zone.
1:38 of 3rd period - Icing by Daniel Sedin.
1:39 of 3rd period - Henrik Sedin wins face-off versus Jay McClement in Flyers zone.
1:54 of 3rd period - Shot by Ryan Ellis.
1:54 of 3rd period - Shot Misses the Net.
4:08 of 3rd period - Shot by Teddy Purcell.
4:08 of 3rd period - Shot Blocked by Philip Larsen.
4:10 of 3rd period - Shot by Tomas Plekanec.
4:10 of 3rd period - Deflect By Maxime Talbot.
4:10 of 3rd period - Stopped by Craig Anderson without a rebound.
4:11 of 3rd period - Kyle Brodziak wins face-off versus Jason Chimera in Flyers zone.
4:25 of 3rd period - Shot by Andrej Sekera.
4:25 of 3rd period - Shot Misses the Net.
4:40 of 3rd period - Minor Penalty to Brent Seabrook for Hooking.
4:41 of 3rd period - Olli Jokinen wins face-off versus Curtis Glencross in Lightning zone.
5:02 of 3rd period - Shot by Ryan Ellis.
5:02 of 3rd period - Deflect By Joel Ward.
5:02 of 3rd period - Shot Misses the Net.
7:53 of 3rd period - Shot by Gabriel Bourque.
7:53 of 3rd period - Stopped by Alex Stalock without a rebound.
7:54 of 3rd period - Olli Jokinen wins face-off versus Henrik Sedin in Lightning zone.
7:54 of 3rd period - Tom Gilbert is hit by Luca Sbisa and loses puck.
8:03 of 3rd period - Shot by Daniel Sedin.
8:03 of 3rd period - Stopped by Alex Stalock without a rebound.
8:04 of 3rd period - Kyle Okposo wins face-off versus Henrik Sedin in Lightning zone.
8:31 of 3rd period - Shot by Patrick Kane.
8:31 of 3rd period - Stopped by Craig Anderson with a rebound.
8:33 of 3rd period - Shot by Andrej Sekera.
8:33 of 3rd period - Shot Misses the Net.
8:35 of 3rd period - Shot by Patrick Kane.
8:35 of 3rd period - Stopped by Craig Anderson without a rebound.
8:36 of 3rd period - Jay McClement wins face-off versus Brad Richards in Flyers zone.
8:53 of 3rd period - Shot by Mike Santorelli.
8:53 of 3rd period - Stopped by Alex Stalock without a rebound.
8:54 of 3rd period - Damien Brunner wins face-off versus Tomas Plekanec in Lightning zone.
8:55 of 3rd period - Shot by Ryan Ellis.
8:55 of 3rd period - Stopped by Alex Stalock with a rebound.
9:15 of 3rd period - Icing by Dan Boyle.
9:16 of 3rd period - Henrik Sedin wins face-off versus Damien Brunner in Flyers zone.
9:20 of 3rd period - Patrick Kane is hit by Ryan Ellis and loses puck.
9:47 of 3rd period - Shot by Curtis Glencross.
9:47 of 3rd period - Stopped by Craig Anderson without a rebound.
9:48 of 3rd period - Olli Jokinen wins face-off versus Brad Richards in Flyers zone.
9:48 of 3rd period - Olli Jokinen is hit by Jason Chimera.
9:53 of 3rd period - Marek Zidlicky is hit by Erik Gudbranson and loses puck.
10:24 of 3rd period - Shot by Jason Chimera.
10:24 of 3rd period - Stopped by Craig Anderson without a rebound.
10:25 of 3rd period - Henrik Sedin wins face-off versus Joel Ward in Flyers zone.
11:17 of 3rd period - Icing by Mark Stuart.
11:18 of 3rd period - Brad Richards wins face-off versus Jay McClement in Flyers zone.
12:01 of 3rd period - Shot by Brad Richards.
12:01 of 3rd period - Deflect By Cam Atkinson.
12:01 of 3rd period - Shot Misses the Net.
12:23 of 3rd period - Shot by Daniel Sedin.
12:23 of 3rd period - Shot Misses the Net.
12:26 of 3rd period - Icing by Luca Sbisa.
12:27 of 3rd period - Tomas Plekanec wins face-off versus Kyle Brodziak in Lightning zone.
12:27 of 3rd period - Tomas Plekanec is hit by Gabriel Bourque.
12:28 of 3rd period - Minor Penalty to Kyle Brodziak for Roughing.
12:29 of 3rd period - Henrik Sedin wins face-off versus Jay McClement in Flyers zone.
13:03 of 3rd period - Icing by Andrej Sekera.
13:04 of 3rd period - Olli Jokinen wins face-off versus Henrik Sedin in Lightning zone.
13:50 of 3rd period - Icing by Erik Gudbranson.
13:51 of 3rd period - Jay McClement wins face-off versus Brad Richards in Lightning zone.
14:18 of 3rd period - Shot by Erik Gudbranson.
14:18 of 3rd period - Stopped by Craig Anderson without a rebound.
14:19 of 3rd period - Henrik Sedin wins face-off versus Jay McClement in Flyers zone.
14:34 of 3rd period - Shot by Teddy Purcell.
14:34 of 3rd period - Shot Hit the Post.
14:37 of 3rd period - Icing by Philip Larsen.
14:38 of 3rd period - Kyle Brodziak wins face-off versus Eric Fehr in Flyers zone.
14:46 of 3rd period - Minor Penalty to Mark Stuart for Hooking.
14:47 of 3rd period - Henrik Sedin wins face-off versus Jay McClement in Flyers zone.
15:05 of 3rd period - Icing by Brent Seabrook.
15:06 of 3rd period - Henrik Sedin wins face-off versus Joel Ward in Lightning zone.
15:10 of 3rd period - Icing by Henrik Sedin.
15:11 of 3rd period - Henrik Sedin wins face-off versus Jay McClement in Lightning zone.
15:11 of 3rd period - Henrik Sedin is hit by Jay McClement.
15:52 of 3rd period - Off-side.
15:53 of 3rd period - Brad Richards wins face-off versus Jay McClement in neutral zone.
16:10 of 3rd period - Shot by Brad Richards.
16:10 of 3rd period - Shot Misses the Net.
16:12 of 3rd period - Shot by Cam Atkinson.
16:12 of 3rd period - Shot Misses the Net.
16:14 of 3rd period - Shot by Erik Gudbranson.
16:14 of 3rd period - Stopped by Craig Anderson without a rebound.
16:15 of 3rd period - Brad Richards wins face-off versus Olli Jokinen in Flyers zone.
16:16 of 3rd period - Shot by Brent Seabrook.
16:16 of 3rd period - Shot Blocked by Ryan Ellis.
16:18 of 3rd period - Shot by Brad Richards.
16:18 of 3rd period - Stopped by Craig Anderson without a rebound.
16:19 of 3rd period - Kyle Okposo wins face-off versus Henrik Sedin in Flyers zone.
16:39 of 3rd period - Shot by Erik Gudbranson.
16:39 of 3rd period - Shot Blocked by Ryan Ellis.
16:45 of 3rd period - Shot by Patrick Kane.
16:45 of 3rd period - Goal by Patrick Kane - Flyers : 5 - Lightning : 3.
16:46 of 3rd period - Brad Richards wins face-off versus Olli Jokinen in neutral zone.
16:55 of 3rd period - Andrej Sekera is hit by Olli Jokinen and loses puck.
17:05 of 3rd period - Andrej Sekera is hit by Mark Stuart and loses puck.
17:25 of 3rd period - Brent Seabrook is hit by Mark Stuart and loses puck.
18:06 of 3rd period - Shot by Gabriel Bourque.
18:06 of 3rd period - Stopped by Alex Stalock with a rebound.
18:08 of 3rd period - Shot by Gabriel Bourque.
18:08 of 3rd period - Shot Misses the Net.
18:55 of 3rd period - Shot by Mike Santorelli.
18:55 of 3rd period - Stopped by Alex Stalock without a rebound.
18:56 of 3rd period - Tomas Plekanec wins face-off versus Damien Brunner in Lightning zone.
19:26 of 3rd period - Icing by Andrej Sekera.
19:27 of 3rd period - Jay McClement wins face-off versus Teddy Purcell in Lightning zone.
Goals for this period are 1 for Flyers vs 1 for Lightning.
Shots for this period are 11 for Flyers vs 10 for Lightning.


Output by the SimonT Hockey Simulator (STHS) for Stephane Roy -- Original Page W3C XHTML 1.0 Valid
Hockey Simulator - Hockey Simulation - Hockey Manager